AoeStats
← DIABLO

MegaRandom

509228353Analyzed
2v2 RM · 5d ago on Sep 26, 2026· 27m 11s· 4 players
Game mode
Random Map
Map size
Medium (4 player)
Population
200
Speed
Normal
Resources
Standard
Victory
Conquest
Starting age
Dark Age
Ending age
Imperial Age
RankedLock teamsTeams togetherTeam positionsShared explorationLock speedFull tech treeHidden civsTurbo modeCheats
Victory
Defeat
🇫🇷 Maya · France
1381
+11
🇹🇷 Jurchens · Türkiye
1319
+14
🇨🇳 Mongols · China
1283
-13
🇦🇷 Persians · Argentina
1269
-12
DIABLO
5:07 Loom
9:30 Feudal Age
10:18 Double-Bit Axe
12:56 Town Watch
14:36 Horse Collar
16:23 Forging
16:43 Fishing Lines
19:28 Scale Mail Armor
24:23 Castle Age
25:25 Chain Mail Armor
25:03 Gambesons
25:13 Gambesons
25:36 Squires
25:01 Pikeman
25:56 Arson
FLEJEUNE
0:26 Loom
12:26 Feudal Age
13:01 Fishing Lines
13:07 Double-Bit Axe
13:13 Gold Mining
14:38 Town Watch
18:31 Castle Age
16:53 Stone Mining
18:20 Fletching
18:31 Padded Archer Armor
19:25 Bodkin Arrow
20:26 Bow Saw
20:59 Ballistics
20:14 Crossbowman
22:10 Wheelbarrow
23:05 Leather Archer Armor
24:01 Thumb Ring
26:20 Gillnets
ant
2:26 Loom
9:38 Feudal Age
11:56 Double-Bit Axe
红蜻蜓101
9:24 Loom
11:10 Feudal Age
15:40 Castle Age
14:29 Scale Barding Armor
14:35 Double-Bit Axe
15:18 Forging
24:47 Chain Barding Armor
Connection lost

Rejoining the realm…

Still unreachable

The connection could not be restored.

Session expired

The server has moved on; the page needs a fresh start.